[ AOE2 MATCH · #466653880 ]
UnrankedKhmer vs Slavs
[ REPLAY ANALYSIS · EXTRACTED FROM THE RECORDED GAME ]
Feudal
13:33
Castle
18:15
Imperial
34:42
| APM avg | 20.2 |
| APM peak | 48 |
| eAPM avg | 13.8 |
| Villagers / military | 104 / 323 |
Focus
⚔️ 36.6% · 🌾 63.4%
Scorpion ×209 · Ballista Elephant ×57 · Trade Cart ×46 · Mangonel ×30 · Fishing Ship ×25 · Trebuchet (Packed) ×14
Feudal
14:29
Castle
20:49
Imperial
32:12
| APM avg | 24.3 |
| APM peak | 93 |
| eAPM avg | 16.2 |
| Villagers / military | 103 / 449 |
Focus
⚔️ 49.2% · 🌾 50.8%
Scorpion ×126 · Scout Cavalry ×124 · Hand Cannoneer ×71 · Cavalry Archer ×57 · Janissary ×54 · Trade Cart ×14
Feudal
—
Castle
—
Imperial
—
| APM avg | 15.1 |
| APM peak | 59 |
| eAPM avg | 10.7 |
| Villagers / military | 217 / 187 |
Focus
⚔️ 25.7% · 🌾 74.3%
Skirmisher ×55 · Cavalry Archer ×50 · Scout Cavalry ×23 · Spearman ×22 · Boyar ×21 · Archer ×9
Feudal
—
Castle
—
Imperial
—
| APM avg | 18.9 |
| APM peak | 117 |
| eAPM avg | 17.9 |
| Villagers / military | 170 / 480 |
Focus
⚔️ 21.9% · 🌾 78.1%
Skirmisher ×170 · Hand Cannoneer ×125 · Militia ×59 · Archer ×57 · Spearman ×35 · Bombard Cannon ×24
Feudal
13:08
Castle
25:17
Imperial
51:07
| APM avg | 15.2 |
| APM peak | 36 |
| eAPM avg | 10.3 |
| Villagers / military | 107 / 544 |
Focus
⚔️ 36.2% · 🌾 63.8%
Spearman ×190 · Longbowman ×152 · Archer ×142 · Trade Cart ×35 · Skirmisher ×28 · Militia ×15
Feudal
—
Castle
—
Imperial
—
| APM avg | 15.5 |
| APM peak | 50 |
| eAPM avg | 12.9 |
| Villagers / military | 101 / 349 |
Focus
⚔️ 47.3% · 🌾 52.7%
Mangonel ×196 · Ballista Elephant ×86 · Battle Elephant ×67 · Trade Cart ×56
Feudal
13:59
Castle
23:36
Imperial
38:21
| APM avg | 22.9 |
| APM peak | 51 |
| eAPM avg | 10.0 |
| Villagers / military | 111 / 293 |
Focus
⚔️ 35.2% · 🌾 64.8%
Cavalry Archer ×263 · Unknown (1920) ×167 · Trade Cart ×14 · Iron Pagoda ×13 · Monk ×7 · Trebuchet (Packed) ×5
Feudal
—
Castle
—
Imperial
—
| APM avg | 15.6 |
| APM peak | 45 |
| eAPM avg | 12.0 |
| Villagers / military | 117 / 626 |
Focus
⚔️ 38.0% · 🌾 62.0%
Scout Cavalry ×290 · Hand Cannoneer ×175 · Skirmisher ×72 · Camel Scout ×50 · Trade Cart ×27 · Bombard Cannon ×16
Match map
Initial resources + every placement click. Lines = walls · curves = elevation contours. ◆ gold · ⬟ stone · ● berries · ✦ relic · ◌ wall gap
Your base· ✓ Closed at 18:15 · 66t walls · 2 gate(s)
2165640756's base· ✓ Closed at 20:49 · 17t walls · no gate
NATIVE RADIX's base· ✓ Closed at 27:40 · 126t walls · no gate
NWI Nutball's base· ✓ Closed at 27:34 · 24t walls · no gate
LittleDwarf's base· ✓ Closed at 25:17 · 44t walls · 1 gate(s)
Squirtle8508's base· ✓ Closed at 20:44 · 0t walls · no gate
mau's base· ✓ Closed at 23:36 · 9t walls · no gate
ENJIN3AR's base· ✓ Closed at 17:42 · 25t walls · no gate
Smoothed initial terrain · ◌ = detected wall gap · hover for details
Inputs per minute
— StaplegunKing - - 2165640756
Build order — StaplegunKing
First 150 of 544 actions detected
| 0:12 | Build | Palisade Wall |
| 0:14 | Research | Loom |
| 0:22 | Create | Villager (Male) |
| 0:22 | Create | Villager (Male) |
| 0:22 | Create | Villager (Male) |
| 0:31 | Create | Villager (Male) |
| 0:53 | Build | Palisade Wall |
| 1:02 | Build | Palisade Wall |
| 1:05 | Build | Palisade Wall |
| 1:20 | Build | House |
| 1:20 | Build | House |
| 1:59 | Build | Palisade Wall |
| 2:19 | Build | House |
| 3:04 | Build | Palisade Wall |
| 3:44 | Create | Villager (Male) |
| 4:03 | Create | Villager (Male) |
| 4:15 | Build | Palisade Gate |
| 4:22 | Create | Villager (Male) |
| 4:22 | Create | Villager (Male) |
| 4:54 | Create | Villager (Male) |
| 4:54 | Create | Villager (Male) |
| 5:14 | Build | House |
| 5:40 | Create | Villager (Male) |
| 5:40 | Create | Villager (Male) |
| 5:40 | Create | Villager (Male) |
| 6:45 | Build | Mill |
| 6:47 | Create | Villager (Male) |
| 6:48 | Create | Villager (Male) |
| 6:48 | Create | Villager (Male) |
| 7:25 | Create | Villager (Male) |
| 7:25 | Create | Villager (Male) |
| 7:41 | Create | Villager (Male) |
| 8:29 | Create | Villager (Male) |
| 9:11 | Build | Lumber Camp |
| 9:14 | Create | Villager (Male) |
| 9:14 | Create | Villager (Male) |
| 9:15 | Create | Villager (Male) |
| 10:10 | Create | Villager (Male) |
| 10:36 | Build | Mill |
| 10:46 | Build | Mining Camp |
| 10:54 | Create | Villager (Male) |
| 11:00 | Build | House |
| 11:17 | Research | Feudal Age |
| 11:28 | Build | Mining Camp |
| 12:15 | Create | Villager (Male) |
| 12:15 | Create | Villager (Male) |
| 13:28 | Build | Dock |
| 13:33 | Age | Feudal Age |
| 13:59 | Build | Market |
| 14:30 | Create | Villager (Male) |
| 15:17 | Create | Fishing Ship |
| 15:35 | Research | Castle Age |
| 15:51 | Build | Stone Wall |
| 16:03 | Build | Stone Wall |
| 16:06 | Create | Villager (Male) |
| 16:06 | Create | Villager (Male) |
| 16:12 | Build | Fish Trap |
| 16:14 | Create | Fishing Ship |
| 16:49 | Build | Gate |
| 16:59 | Build | Fish Trap |
| 17:01 | Create | Fishing Ship |
| 17:12 | Build | House |
| 17:49 | Build | House |
| 17:51 | Create | Fishing Ship |
| 17:56 | Research | Horse Collar |
| 18:04 | Research | Double-Bit Axe |
| 18:15 | Age | Castle Age |
| 18:44 | Build | Fish Trap |
| 19:04 | Create | Villager (Male) |
| 19:12 | Build | Farm |
| 19:13 | Build | Farm |
| 19:13 | Build | Farm |
| 19:32 | Build | Fish Trap |
| 19:40 | Create | Villager (Male) |
| 19:40 | Create | Villager (Male) |
| 19:48 | Build | House |
| 19:49 | Build | House |
| 19:53 | Build | Farm |
| 20:07 | Research | Bow Saw |
| 20:35 | Build | Stone Wall |
| 20:42 | Build | Gate |
| 20:46 | Create | Villager (Male) |
| 20:47 | Create | Villager (Male) |
| 21:00 | Build | Town Center |
| 21:11 | Create | Villager (Male) |
| 21:18 | Research | Stone Mining |
| 21:31 | Create | Trade Cart |
| 21:49 | Create | Fishing Ship |
| 21:50 | Create | Fishing Ship |
| 21:52 | Create | Villager (Male) |
| 21:53 | Create | Villager (Male) |
| 22:09 | Create | Trade Cart |
| 22:27 | Create | Villager (Male) |
| 22:27 | Create | Villager (Male) |
| 22:31 | Create | Villager (Male) |
| 22:39 | Build | Fish Trap |
| 22:47 | Create | Fishing Ship |
| 22:57 | Create | Villager (Male) |
| 23:08 | Build | Lumber Camp |
| 23:16 | Build | Fish Trap |
| 23:19 | Create | Fishing Ship |
| 23:20 | Create | Villager (Male) |
| 23:20 | Create | Villager (Male) |
| 23:22 | Create | Villager (Male) |
| 23:31 | Build | Farm |
| 23:42 | Create | Trade Cart |
| 23:45 | Create | Villager (Male) |
| 23:52 | Build | House |
| 23:53 | Build | House |
| 23:53 | Build | House |
| 23:54 | Build | House |
| 24:12 | Build | Castle |
| 24:19 | Create | Villager (Male) |
| 24:23 | Build | Farm |
| 24:24 | Create | Villager (Male) |
| 24:25 | Create | Villager (Male) |
| 24:30 | Build | Farm |
| 24:49 | Build | Fish Trap |
| 24:53 | Create | Fishing Ship |
| 24:54 | Create | Villager (Male) |
| 24:57 | Build | Farm |
| 25:01 | Create | Villager (Male) |
| 25:02 | Create | Villager (Male) |
| 25:18 | Create | Villager (Male) |
| 25:18 | Create | Villager (Male) |
| 25:23 | Build | Farm |
| 25:28 | Build | Fish Trap |
| 25:31 | Create | Fishing Ship |
| 25:48 | Build | Stone Wall |
| 25:51 | Create | Villager (Male) |
| 25:51 | Create | Villager (Male) |
| 26:06 | Build | Town Center |
| 26:10 | Create | Villager (Male) |
| 26:10 | Create | Villager (Male) |
| 26:15 | Build | Fish Trap |
| 26:17 | Create | Fishing Ship |
| 26:34 | Build | Gate |
| 26:40 | Build | Stone Wall |
| 26:43 | Build | Stone Wall |
| 26:46 | Build | Stone Wall |
| 26:48 | Create | Villager (Male) |
| 26:49 | Create | Villager (Male) |
| 26:53 | Build | Fish Trap |
| 26:57 | Build | Fish Trap |
| 27:00 | Create | Villager (Male) |
| 27:01 | Create | Villager (Male) |
| 27:07 | Build | Fish Trap |
| 27:10 | Create | Fishing Ship |
| 27:10 | Create | Fishing Ship |
| 27:13 | Create | Villager (Male) |
Build order — 2165640756
First 150 of 745 actions detected
| 0:11 | Build | House |
| 0:17 | Research | Loom |
| 0:30 | Create | Villager (Male) |
| 0:38 | Build | House |
| 0:39 | Build | House |
| 0:40 | Build | House |
| 0:45 | Create | Villager (Male) |
| 1:21 | Create | Villager (Male) |
| 1:35 | Create | Villager (Male) |
| 2:16 | Build | Mill |
| 2:21 | Create | Villager (Male) |
| 3:21 | Create | Villager (Male) |
| 3:39 | Create | Villager (Male) |
| 4:12 | Create | Villager (Male) |
| 4:34 | Create | Villager (Male) |
| 4:47 | Create | Villager (Male) |
| 5:20 | Create | Villager (Male) |
| 5:39 | Create | Villager (Male) |
| 5:58 | Create | Villager (Male) |
| 6:10 | Create | Villager (Male) |
| 6:31 | Create | Villager (Male) |
| 6:50 | Create | Villager (Male) |
| 7:46 | Create | Villager (Male) |
| 8:00 | Create | Villager (Male) |
| 8:07 | Build | Lumber Camp |
| 8:13 | Create | Villager (Male) |
| 8:27 | Create | Villager (Male) |
| 8:50 | Create | Villager (Male) |
| 9:02 | Create | Villager (Male) |
| 9:15 | Create | Villager (Male) |
| 9:52 | Create | Villager (Male) |
| 10:06 | Build | House |
| 10:16 | Build | Dock |
| 10:21 | Create | Villager (Male) |
| 11:19 | Create | Fishing Ship |
| 11:28 | Research | Feudal Age |
| 11:33 | Build | Mining Camp |
| 12:35 | Create | Fishing Ship |
| 13:01 | Create | Fishing Ship |
| 13:27 | Build | House |
| 13:51 | Build | House |
| 13:53 | Build | House |
| 13:54 | Build | House |
| 14:29 | Age | Feudal Age |
| 14:31 | Build | Barracks |
| 14:34 | Create | Villager (Male) |
| 14:41 | Create | Fishing Ship |
| 15:08 | Build | Mining Camp |
| 15:13 | Create | Fishing Ship |
| 16:02 | Build | Stone Wall |
| 16:18 | Build | Market |
| 16:39 | Build | Blacksmith |
| 16:50 | Create | Fishing Ship |
| 16:55 | Create | Fishing Ship |
| 17:12 | Create | Trade Cart |
| 17:13 | Create | Trade Cart |
| 17:35 | Build | Fish Trap |
| 18:01 | Build | Farm |
| 18:01 | Build | Farm |
| 18:09 | Research | Castle Age |
| 18:24 | Build | House |
| 18:24 | Build | House |
| 18:26 | Build | House |
| 18:27 | Build | House |
| 18:28 | Build | House |
| 18:36 | Build | House |
| 18:47 | Build | Fish Trap |
| 18:54 | Create | Trade Cart |
| 18:56 | Create | Trade Cart |
| 19:19 | Build | Archery Range |
| 19:31 | Build | Farm |
| 19:32 | Build | Farm |
| 19:33 | Build | Farm |
| 19:33 | Build | Farm |
| 19:42 | Research | Double-Bit Axe |
| 20:49 | Age | Castle Age |
| 21:00 | Build | Town Center |
| 21:18 | Build | Fish Trap |
| 21:21 | Build | Fish Trap |
| 21:27 | Create | Villager (Male) |
| 21:27 | Create | Villager (Male) |
| 21:29 | Create | Villager (Male) |
| 21:51 | Research | Bow Saw |
| 22:01 | Build | Fish Trap |
| 22:09 | Build | Fish Trap |
| 22:46 | Build | Fish Trap |
| 23:03 | Build | Mining Camp |
| 23:09 | Create | Villager (Male) |
| 23:10 | Create | Villager (Male) |
| 23:36 | Create | Villager (Male) |
| 23:37 | Create | Villager (Male) |
| 23:37 | Create | Villager (Male) |
| 23:55 | Build | Town Center |
| 24:10 | Create | Villager (Male) |
| 24:10 | Create | Villager (Male) |
| 24:23 | Create | Villager (Male) |
| 24:30 | Create | Villager (Male) |
| 24:34 | Create | Villager (Male) |
| 25:07 | Build | Stone Wall |
| 25:20 | Build | Town Center |
| 25:23 | Research | Stone Mining |
| 25:27 | Research | Gold Mining |
| 25:55 | Build | Gate |
| 26:00 | Create | Villager (Male) |
| 26:00 | Create | Villager (Male) |
| 26:01 | Create | Villager (Male) |
| 26:01 | Create | Villager (Male) |
| 26:14 | Research | Tech 906 |
| 26:18 | Create | Villager (Male) |
| 26:23 | Create | Villager (Male) |
| 26:41 | Create | Cavalry Archer |
| 26:41 | Create | Cavalry Archer |
| 27:07 | Build | Lumber Camp |
| 27:47 | Create | Villager (Male) |
| 28:06 | Build | University |
| 28:13 | Build | Monastery |
| 28:23 | Create | Villager (Male) |
| 28:24 | Create | Villager (Male) |
| 28:26 | Create | Villager (Male) |
| 28:58 | Build | Farm |
| 29:02 | Research | Imperial Age |
| 29:10 | Create | Villager (Male) |
| 29:10 | Create | Villager (Male) |
| 29:11 | Create | Villager (Male) |
| 29:17 | Create | Villager (Male) |
| 29:17 | Create | Villager (Male) |
| 29:18 | Create | Villager (Male) |
| 29:46 | Build | Castle |
| 29:50 | Create | Cavalry Archer |
| 29:51 | Create | Cavalry Archer |
| 30:04 | Research | Wheelbarrow |
| 30:10 | Build | Mining Camp |
| 30:21 | Create | Villager (Male) |
| 30:22 | Create | Villager (Male) |
| 30:48 | Create | Villager (Male) |
| 30:49 | Create | Villager (Male) |
| 31:03 | Create | Villager (Male) |
| 32:08 | Create | Villager (Male) |
| 32:09 | Create | Villager (Male) |
| 32:09 | Create | Villager (Male) |
| 32:09 | Create | Villager (Male) |
| 32:09 | Create | Villager (Male) |
| 32:12 | Age | Imperial Age |
| 32:26 | Build | Mining Camp |
| 32:36 | Create | Villager (Male) |
| 32:37 | Create | Villager (Male) |
| 32:38 | Create | Villager (Male) |
| 32:49 | Research | Horse Collar |
| 32:53 | Create | Villager (Male) |
| 32:54 | Create | Villager (Male) |
Build order — NATIVE RADIX
First 150 of 450 actions detected
| 0:03 | Research | Loom |
| 0:04 | Create | Villager (Male) |
| 0:04 | Create | Villager (Male) |
| 0:04 | Create | Villager (Male) |
| 0:45 | Build | Palisade Wall |
| 0:59 | Build | House |
| 1:20 | Build | Palisade Wall |
| 1:56 | Build | Palisade Wall |
| 3:04 | Build | Palisade Wall |
| 3:31 | Create | Villager (Male) |
| 4:57 | Create | Villager (Male) |
| 7:02 | Build | Palisade Wall |
| 7:08 | Create | Villager (Male) |
| 7:09 | Create | Villager (Male) |
| 7:09 | Create | Villager (Male) |
| 7:35 | Create | Villager (Male) |
| 7:42 | Build | House |
| 7:45 | Build | House |
| 7:47 | Build | House |
| 8:11 | Build | Palisade Wall |
| 8:22 | Build | Palisade Wall |
| 8:27 | Create | Villager (Male) |
| 8:55 | Build | Palisade Wall |
| 9:09 | Build | Outpost |
| 9:12 | Build | Outpost |
| 9:17 | Create | Villager (Male) |
| 9:17 | Create | Villager (Male) |
| 10:05 | Build | Palisade Wall |
| 10:14 | Build | Palisade Wall |
| 10:19 | Create | Villager (Male) |
| 10:19 | Create | Villager (Male) |
| 10:19 | Create | Villager (Male) |
| 10:36 | Build | House |
| 10:46 | Create | Villager (Male) |
| 10:46 | Create | Villager (Male) |
| 11:12 | Create | Villager (Male) |
| 11:33 | Build | Palisade Wall |
| 11:35 | Build | Palisade Wall |
| 12:08 | Build | Mill |
| 13:10 | Build | Lumber Camp |
| 13:23 | Create | Villager (Male) |
| 13:23 | Create | Villager (Male) |
| 13:24 | Create | Villager (Male) |
| 13:26 | Create | Villager (Male) |
| 13:27 | Create | Villager (Male) |
| 13:50 | Build | House |
| 13:52 | Build | House |
| 13:54 | Build | House |
| 15:58 | Research | Feudal Age |
| 16:17 | Build | House |
| 16:23 | Build | Barracks |
| 16:24 | Build | Barracks |
| 16:27 | Create | Villager (Male) |
| 16:27 | Create | Villager (Male) |
| 16:32 | Create | Villager (Male) |
| 17:22 | Build | House |
| 18:17 | Research | Wheelbarrow |
| 19:00 | Research | Man-at-Arms (upgrade) |
| 19:19 | Build | Outpost |
| 19:23 | Create | Villager (Male) |
| 19:23 | Create | Villager (Male) |
| 19:34 | Research | Double-Bit Axe |
| 19:54 | Build | Stone Wall |
| 20:36 | Build | Lumber Camp |
| 20:40 | Create | Villager (Male) |
| 20:40 | Create | Villager (Male) |
| 21:08 | Build | Outpost |
| 21:18 | Build | Outpost |
| 21:24 | Build | Outpost |
| 21:30 | Create | Villager (Male) |
| 21:30 | Create | Villager (Male) |
| 22:02 | Build | Mining Camp |
| 22:12 | Build | Mill |
| 22:23 | Build | Barracks |
| 22:34 | Build | Stable |
| 22:36 | Build | Stable |
| 22:37 | Build | Stable |
| 22:39 | Build | Stable |
| 22:41 | Build | Stable |
| 22:44 | Build | Stable |
| 22:47 | Build | Stable |
| 22:49 | Build | Stable |
| 22:52 | Build | Stable |
| 23:06 | Create | Villager (Male) |
| 23:06 | Create | Villager (Male) |
| 23:13 | Build | Farm |
| 23:14 | Build | Farm |
| 23:35 | Research | Horse Collar |
| 23:43 | Build | Farm |
| 23:46 | Create | Villager (Male) |
| 23:46 | Create | Villager (Male) |
| 23:47 | Create | Villager (Male) |
| 23:55 | Build | Farm |
| 23:55 | Build | Farm |
| 23:56 | Build | Farm |
| 23:56 | Build | Farm |
| 23:57 | Build | Farm |
| 23:57 | Build | Farm |
| 23:58 | Build | Farm |
| 23:58 | Build | Farm |
| 23:58 | Build | Farm |
| 23:59 | Build | Farm |
| 23:59 | Build | Farm |
| 23:59 | Build | Farm |
| 24:11 | Create | Villager (Male) |
| 24:12 | Create | Villager (Male) |
| 25:11 | Build | Blacksmith |
| 25:17 | Build | Blacksmith |
| 25:23 | Create | Villager (Male) |
| 25:23 | Create | Villager (Male) |
| 25:24 | Create | Villager (Male) |
| 25:27 | Build | Farm |
| 25:27 | Build | Farm |
| 25:27 | Build | Farm |
| 25:27 | Build | Farm |
| 25:28 | Build | Farm |
| 25:28 | Build | Farm |
| 25:28 | Build | Farm |
| 25:52 | Build | Lumber Camp |
| 26:00 | Create | Scout Cavalry ×6 |
| 26:00 | Create | Scout Cavalry |
| 26:51 | Build | Market |
| 27:04 | Build | House |
| 27:40 | Research | Castle Age |
| 27:47 | Create | Scout Cavalry ×5 |
| 27:47 | Create | Scout Cavalry |
| 28:02 | Build | Stone Wall |
| 28:19 | Create | Scout Cavalry |
| 28:26 | Create | Villager (Male) |
| 28:26 | Create | Villager (Male) |
| 28:26 | Create | Villager (Male) |
| 29:12 | Build | Lumber Camp |
| 29:28 | Create | Scout Cavalry |
| 29:29 | Create | Scout Cavalry |
| 29:29 | Create | Scout Cavalry |
| 31:32 | Research | Light Cavalry (upgrade) |
| 31:32 | Research | Husbandry |
| 32:59 | Create | Scout Cavalry |
| 33:00 | Create | Scout Cavalry |
| 33:00 | Create | Scout Cavalry |
| 33:00 | Create | Scout Cavalry |
| 33:01 | Create | Scout Cavalry |
| 33:03 | Create | Scout Cavalry |
| 33:08 | Research | Squires |
| 33:17 | Build | Mining Camp |
| 33:28 | Build | Castle |
| 33:37 | Build | Mining Camp |
| 33:45 | Build | Mining Camp |
| 35:25 | Create | Villager (Male) |
| 35:25 | Create | Villager (Male) |
Build order — NWI Nutball
First 150 of 674 actions detected
| 0:04 | Create | Villager (Male) ×4 |
| 0:37 | Build | House |
| 0:45 | Build | House |
| 1:13 | Research | Loom |
| 2:08 | Build | Palisade Wall |
| 3:13 | Create | Villager (Male) ×4 |
| 4:43 | Create | Villager (Male) ×2 |
| 5:15 | Build | Mill |
| 5:20 | Create | Villager (Male) |
| 5:44 | Create | Villager (Male) |
| 5:57 | Build | House |
| 6:21 | Build | House |
| 6:44 | Build | House |
| 6:58 | Build | House |
| 7:03 | Create | Villager (Male) |
| 7:04 | Create | Villager (Male) |
| 7:05 | Create | Villager (Male) |
| 7:44 | Create | Villager (Male) |
| 7:45 | Create | Villager (Male) |
| 8:05 | Build | Mill |
| 8:49 | Build | House |
| 8:53 | Build | House |
| 9:00 | Create | Villager (Male) |
| 9:49 | Create | Villager (Male) ×3 |
| 10:04 | Create | Villager (Male) |
| 12:22 | Build | Lumber Camp |
| 12:28 | Create | Villager (Male) |
| 12:29 | Create | Villager (Male) |
| 13:10 | Create | Villager (Male) ×5 |
| 13:13 | Research | Feudal Age |
| 13:15 | Create | Villager (Male) ×4 |
| 14:49 | Create | Villager (Male) ×5 |
| 14:50 | Create | Villager (Male) ×2 |
| 15:03 | Build | Lumber Camp |
| 15:12 | Build | Farm |
| 15:12 | Build | Farm |
| 15:12 | Build | Farm |
| 15:12 | Build | Farm |
| 15:12 | Build | Farm |
| 15:12 | Build | Farm |
| 15:12 | Build | Farm |
| 15:12 | Build | Farm |
| 15:12 | Build | Farm |
| 15:12 | Build | Farm |
| 15:13 | Build | Farm |
| 15:13 | Build | Farm |
| 15:13 | Build | Farm |
| 15:13 | Build | Farm |
| 15:13 | Build | Farm |
| 15:13 | Build | Farm |
| 15:13 | Build | Farm |
| 15:14 | Build | Lumber Camp |
| 15:17 | Build | Farm |
| 15:17 | Build | Farm |
| 15:17 | Build | Farm |
| 15:17 | Build | Farm |
| 15:17 | Build | Farm |
| 15:17 | Build | Farm |
| 15:20 | Build | Farm |
| 15:20 | Build | Farm |
| 15:20 | Build | Farm |
| 15:20 | Build | Farm |
| 15:20 | Build | Farm |
| 15:20 | Build | Farm |
| 15:20 | Build | Farm |
| 15:20 | Build | Farm |
| 15:53 | Build | Farm |
| 15:58 | Research | Horse Collar |
| 16:07 | Research | Double-Bit Axe |
| 16:24 | Build | Farm |
| 16:24 | Build | Farm |
| 16:24 | Build | Farm |
| 16:24 | Build | Farm |
| 16:24 | Build | Farm |
| 16:25 | Build | Farm |
| 16:25 | Build | Farm |
| 16:25 | Build | Farm |
| 16:25 | Build | Farm |
| 16:25 | Build | Farm |
| 16:32 | Build | Farm |
| 16:32 | Build | Farm |
| 16:33 | Build | Farm |
| 16:33 | Build | Farm |
| 16:33 | Build | Farm |
| 16:33 | Build | Farm |
| 16:33 | Build | Farm |
| 16:34 | Research | Town Watch |
| 17:01 | Research | Wheelbarrow |
| 17:06 | Create | Villager (Male) ×5 |
| 17:07 | Create | Villager (Male) ×5 |
| 17:08 | Build | Farm |
| 17:08 | Build | Farm |
| 17:08 | Build | Farm |
| 17:08 | Build | Farm |
| 17:08 | Build | Farm |
| 17:08 | Build | Farm |
| 17:08 | Build | Farm |
| 17:08 | Build | Farm |
| 17:33 | Build | Farm |
| 17:33 | Build | Farm |
| 17:33 | Build | Farm |
| 17:33 | Build | Farm |
| 17:33 | Build | Farm |
| 17:33 | Build | Farm |
| 17:33 | Build | Farm |
| 17:33 | Build | Farm |
| 17:33 | Build | Farm |
| 17:33 | Build | Farm |
| 17:33 | Build | Farm |
| 17:33 | Build | Farm |
| 17:33 | Build | Farm |
| 17:33 | Build | Farm |
| 17:41 | Build | Barracks |
| 17:48 | Create | Villager (Male) |
| 18:17 | Build | Barracks |
| 18:26 | Create | Villager (Male) |
| 18:26 | Create | Villager (Male) |
| 18:26 | Create | Villager (Male) |
| 18:57 | Build | Mining Camp |
| 19:08 | Build | Mining Camp |
| 19:13 | Build | Farm |
| 19:13 | Build | Farm |
| 19:13 | Build | Farm |
| 19:13 | Build | Farm |
| 19:13 | Build | Farm |
| 19:13 | Build | Farm |
| 19:13 | Build | Farm |
| 19:13 | Build | Farm |
| 19:13 | Build | Farm |
| 19:13 | Build | Farm |
| 19:13 | Build | Farm |
| 19:24 | Build | Market |
| 19:38 | Build | Farm |
| 19:38 | Build | Farm |
| 19:38 | Build | Farm |
| 19:38 | Build | Farm |
| 19:38 | Build | Farm |
| 19:38 | Build | Blacksmith |
| 19:38 | Build | Farm |
| 19:38 | Build | Farm |
| 19:38 | Build | Farm |
| 19:38 | Build | Farm |
| 19:45 | Create | Villager (Male) |
| 19:47 | Create | Villager (Male) |
| 19:48 | Create | Villager (Male) |
| 19:49 | Create | Villager (Male) |
| 20:03 | Build | Farm |
| 20:03 | Build | Farm |
| 20:04 | Build | Farm |
| 20:04 | Build | Farm |
Build order — LittleDwarf
First 150 of 371 actions detected
| 0:04 | Build | House |
| 0:07 | Build | House |
| 0:12 | Create | Villager (Male) ×4 |
| 1:01 | Build | Palisade Wall |
| 1:13 | Build | Palisade Wall |
| 1:47 | Build | House |
| 2:24 | Research | Loom |
| 2:25 | Create | Villager (Male) |
| 3:13 | Build | Palisade Wall |
| 3:28 | Create | Villager (Male) ×3 |
| 3:57 | Build | House |
| 4:07 | Create | Villager (Male) |
| 4:26 | Build | House |
| 4:32 | Create | Villager (Male) |
| 4:41 | Build | House |
| 5:10 | Create | Villager (Male) ×2 |
| 6:00 | Create | Villager (Male) |
| 6:34 | Create | Villager (Male) |
| 7:06 | Create | Villager (Male) |
| 7:32 | Create | Villager (Male) |
| 7:32 | Create | Villager (Male) |
| 7:41 | Build | Lumber Camp |
| 8:39 | Create | Villager (Male) |
| 8:39 | Create | Villager (Male) |
| 9:09 | Build | Mill |
| 9:23 | Build | House |
| 9:43 | Create | Villager (Male) ×4 |
| 10:19 | Create | Villager (Male) |
| 10:47 | Research | Feudal Age |
| 10:57 | Build | Dock |
| 11:23 | Build | House |
| 11:25 | Build | House |
| 11:29 | Build | House |
| 11:35 | Create | Villager (Male) |
| 11:36 | Create | Villager (Male) |
| 12:05 | Build | Mill |
| 12:27 | Create | Fishing Ship |
| 13:08 | Build | Barracks |
| 13:08 | Age | Feudal Age |
| 13:15 | Research | Wheelbarrow |
| 13:16 | Create | Villager (Male) |
| 13:16 | Create | Villager (Male) |
| 13:23 | Research | Double-Bit Axe |
| 14:02 | Build | Stone Wall |
| 14:14 | Build | Archery Range |
| 14:26 | Create | Fishing Ship |
| 14:51 | Build | Blacksmith |
| 14:57 | Create | Villager (Male) |
| 14:57 | Create | Villager (Male) |
| 15:37 | Build | Lumber Camp |
| 16:02 | Build | Market |
| 16:21 | Create | Villager (Male) |
| 16:22 | Create | Villager (Male) |
| 16:22 | Create | Villager (Male) |
| 16:28 | Build | Mining Camp |
| 16:51 | Build | Mill |
| 17:07 | Create | Villager (Male) |
| 17:08 | Create | Villager (Male) |
| 17:13 | Create | Fishing Ship |
| 17:14 | Research | Tech 906 |
| 17:52 | Research | Horse Collar |
| 17:56 | Create | Villager (Male) |
| 18:12 | Create | Trade Cart |
| 18:33 | Build | Watch Tower |
| 18:44 | Create | Villager (Male) |
| 18:45 | Create | Villager (Male) |
| 19:00 | Build | Farm |
| 19:01 | Build | Farm |
| 19:03 | Build | Farm |
| 19:18 | Build | Farm |
| 19:19 | Build | Farm |
| 19:22 | Build | Farm |
| 20:07 | Research | Town Watch |
| 20:08 | Create | Villager (Male) |
| 20:09 | Create | Villager (Male) |
| 20:23 | Build | Farm |
| 20:27 | Build | Farm |
| 20:28 | Build | Farm |
| 20:29 | Build | Farm |
| 20:31 | Build | Farm |
| 20:56 | Build | Lumber Camp |
| 21:10 | Build | Fish Trap |
| 21:35 | Create | Villager (Male) |
| 21:36 | Create | Villager (Male) |
| 21:54 | Build | Farm |
| 21:56 | Build | Farm |
| 21:59 | Build | Farm |
| 22:15 | Build | Lumber Camp |
| 22:37 | Research | Castle Age |
| 23:07 | Build | Farm |
| 23:10 | Build | Mill |
| 23:16 | Build | Farm |
| 23:35 | Research | Fletching |
| 23:42 | Create | Villager (Male) ×5 |
| 24:04 | Build | Mining Camp |
| 24:23 | Create | Trade Cart |
| 24:37 | Create | Archer ×5 |
| 24:54 | Build | Stone Wall |
| 25:14 | Build | Gate |
| 25:17 | Age | Castle Age |
| 25:32 | Research | Heavy Plow |
| 25:37 | Research | Bow Saw |
| 26:13 | Build | House |
| 26:14 | Build | House |
| 26:15 | Build | House |
| 26:16 | Build | House |
| 26:19 | Research | Caravan |
| 26:28 | Build | Fish Trap |
| 26:31 | Build | Fish Trap |
| 26:40 | Build | House |
| 27:11 | Create | Villager (Male) |
| 27:12 | Create | Villager (Male) |
| 27:28 | Build | Stone Wall |
| 27:50 | Research | Gold Mining |
| 28:20 | Create | Trade Cart ×3 |
| 28:27 | Research | Gold Shaft Mining |
| 28:58 | Build | Town Center |
| 29:11 | Research | Hand Cart |
| 29:20 | Research | Crossbowman (upgrade) |
| 29:41 | Build | Stone Wall |
| 29:44 | Build | Stone Wall |
| 29:54 | Build | Gate |
| 30:05 | Research | Bodkin Arrow |
| 30:18 | Build | Stone Wall |
| 30:24 | Build | Gate |
| 30:35 | Create | Archer ×3 |
| 30:48 | Research | Padded Archer Armor |
| 31:17 | Create | Villager (Male) ×5 |
| 31:41 | Build | House |
| 31:42 | Build | House |
| 31:45 | Build | House |
| 31:51 | Research | Stone Mining |
| 32:38 | Research | Pikeman (upgrade) |
| 32:38 | Create | Spearman ×5 |
| 32:46 | Create | Villager (Male) ×5 |
| 32:57 | Build | Castle |
| 34:11 | Research | Yeomen |
| 34:12 | Create | Longbowman ×5 |
| 34:21 | Create | Spearman ×5 |
| 35:03 | Create | Archer ×2 |
| 35:21 | Create | Villager (Male) ×5 |
| 36:05 | Create | Archer ×2 |
| 36:29 | Research | Squires |
| 36:48 | Build | Archery Range |
| 36:58 | Build | Castle |
| 37:07 | Create | Longbowman ×5 |
| 37:29 | Research | Leather Archer Armor |
| 37:40 | Create | Archer ×5 |
| 38:04 | Create | Villager (Male) ×5 |
| 38:22 | Build | Town Center |
Build order — Squirtle8508
First 150 of 703 actions detected
| 0:11 | Create | Villager (Male) |
| 0:11 | Create | Villager (Male) |
| 0:12 | Create | Villager (Male) |
| 0:12 | Create | Villager (Male) |
| 0:12 | Create | Villager (Male) |
| 0:20 | Build | House |
| 0:22 | Build | House |
| 0:23 | Build | House |
| 0:26 | Build | House |
| 3:44 | Build | Lumber Camp |
| 4:25 | Create | Villager (Male) |
| 4:25 | Create | Villager (Male) |
| 4:25 | Create | Villager (Male) |
| 4:26 | Create | Villager (Male) |
| 4:26 | Create | Villager (Male) |
| 4:26 | Create | Villager (Male) |
| 5:32 | Create | Villager (Male) |
| 5:32 | Create | Villager (Male) |
| 5:32 | Create | Villager (Male) |
| 6:05 | Create | Villager (Male) |
| 6:23 | Create | Villager (Male) |
| 7:17 | Create | Villager (Male) |
| 7:18 | Create | Villager (Male) |
| 8:02 | Create | Villager (Male) |
| 8:02 | Create | Villager (Male) |
| 8:02 | Create | Villager (Male) |
| 9:49 | Create | Villager (Male) |
| 9:49 | Create | Villager (Male) |
| 9:49 | Create | Villager (Male) |
| 9:50 | Create | Villager (Male) |
| 9:50 | Create | Villager (Male) |
| 9:50 | Create | Villager (Male) |
| 10:15 | Build | House |
| 10:15 | Build | House |
| 10:16 | Build | House |
| 10:18 | Build | House |
| 10:18 | Build | House |
| 10:28 | Build | Mill |
| 10:32 | Create | Villager (Male) |
| 10:32 | Create | Villager (Male) |
| 10:59 | Build | Farm |
| 11:04 | Build | Farm |
| 11:05 | Build | Farm |
| 11:06 | Build | Farm |
| 11:06 | Build | Farm |
| 11:10 | Build | Farm |
| 11:11 | Build | Farm |
| 11:12 | Build | Farm |
| 11:13 | Build | Farm |
| 12:11 | Create | Villager (Male) |
| 13:10 | Create | Villager (Male) |
| 13:32 | Build | House |
| 13:33 | Build | House |
| 13:34 | Build | House |
| 13:37 | Build | House |
| 13:43 | Build | House |
| 14:27 | Create | Villager (Male) |
| 14:27 | Create | Villager (Male) |
| 14:28 | Create | Villager (Male) |
| 14:59 | Build | Mining Camp |
| 15:20 | Build | Mining Camp |
| 15:39 | Research | Feudal Age |
| 16:32 | Build | Mill |
| 16:48 | Build | House |
| 17:56 | Create | Villager (Male) |
| 17:56 | Create | Villager (Male) |
| 17:56 | Create | Villager (Male) |
| 17:57 | Create | Villager (Male) |
| 18:09 | Research | Double-Bit Axe |
| 18:47 | Research | Horse Collar |
| 19:01 | Build | Mining Camp |
| 19:10 | Research | Gold Mining |
| 19:51 | Build | Market |
| 20:04 | Build | Market |
| 20:09 | Build | Market |
| 20:18 | Build | Blacksmith |
| 20:44 | Research | Castle Age |
| 20:59 | Build | Farm |
| 20:59 | Build | Farm |
| 21:00 | Build | Farm |
| 21:01 | Build | Farm |
| 21:02 | Build | Farm |
| 21:03 | Build | Farm |
| 21:04 | Build | Farm |
| 21:05 | Build | Farm |
| 21:20 | Build | Farm |
| 21:24 | Build | Farm |
| 21:31 | Build | Farm |
| 21:42 | Build | Farm |
| 22:00 | Build | Farm |
| 22:43 | Research | Fletching |
| 23:30 | Create | Villager (Male) |
| 23:30 | Create | Villager (Male) |
| 23:31 | Create | Villager (Male) |
| 23:31 | Create | Villager (Male) |
| 23:31 | Create | Villager (Male) |
| 23:31 | Create | Villager (Male) |
| 23:32 | Create | Villager (Male) |
| 23:32 | Create | Villager (Male) |
| 23:32 | Create | Villager (Male) |
| 23:32 | Create | Villager (Male) |
| 23:33 | Create | Villager (Male) |
| 23:33 | Create | Villager (Male) |
| 23:33 | Create | Villager (Male) |
| 23:35 | Create | Villager (Male) |
| 23:35 | Create | Villager (Male) |
| 23:35 | Create | Villager (Male) |
| 23:55 | Build | Town Center |
| 24:16 | Research | Bow Saw |
| 24:16 | Research | Bow Saw |
| 24:25 | Research | Bodkin Arrow |
| 24:30 | Research | Caravan |
| 26:57 | Create | Villager (Male) |
| 26:58 | Create | Villager (Male) |
| 26:58 | Create | Villager (Male) |
| 26:58 | Create | Villager (Male) |
| 26:58 | Create | Villager (Male) |
| 26:58 | Create | Villager (Male) |
| 26:59 | Create | Villager (Male) |
| 26:59 | Create | Villager (Male) |
| 27:00 | Create | Villager (Male) |
| 27:00 | Create | Villager (Male) |
| 27:22 | Research | Heavy Plow |
| 27:37 | Build | Stable |
| 27:39 | Build | Stable |
| 27:41 | Build | Stable |
| 27:52 | Build | Castle |
| 28:59 | Build | Town Center |
| 29:22 | Research | Gold Shaft Mining |
| 29:28 | Research | Stone Mining |
| 29:38 | Create | Trade Cart |
| 29:38 | Create | Trade Cart |
| 29:48 | Create | Trade Cart |
| 29:48 | Create | Trade Cart |
| 30:50 | Create | Trade Cart |
| 30:50 | Create | Trade Cart |
| 30:51 | Create | Trade Cart |
| 30:52 | Create | Trade Cart |
| 30:53 | Create | Trade Cart |
| 31:03 | Create | Villager (Male) |
| 31:03 | Create | Villager (Male) |
| 31:03 | Create | Villager (Male) |
| 31:04 | Create | Villager (Male) |
| 31:04 | Create | Villager (Male) |
| 31:04 | Create | Villager (Male) |
| 31:05 | Create | Villager (Male) |
| 31:05 | Create | Villager (Male) |
| 31:05 | Create | Villager (Male) |
| 31:05 | Create | Villager (Male) |
| 31:06 | Create | Villager (Male) |
Build order — mau
First 150 of 386 actions detected
| 0:04 | Build | House |
| 0:06 | Build | House |
| 0:08 | Create | Villager (Male) ×4 |
| 0:08 | Create | Villager (Male) ×4 |
| 0:08 | Create | Villager (Male) ×4 |
| 1:35 | Create | Villager (Male) |
| 1:36 | Create | Villager (Male) |
| 1:57 | Build | Lumber Camp |
| 2:21 | Build | House |
| 2:24 | Build | House |
| 3:10 | Build | House |
| 3:37 | Create | Villager (Male) |
| 3:37 | Create | Villager (Male) |
| 3:37 | Create | Villager (Male) |
| 3:38 | Create | Villager (Male) |
| 4:12 | Create | Villager (Male) |
| 4:12 | Create | Villager (Male) |
| 4:36 | Build | House |
| 4:48 | Create | Villager (Male) |
| 4:49 | Create | Villager (Male) |
| 4:49 | Create | Villager (Male) |
| 5:10 | Build | Palisade Wall |
| 5:45 | Create | Villager (Male) |
| 5:45 | Create | Villager (Male) |
| 5:45 | Create | Villager (Male) |
| 5:58 | Build | Palisade Wall |
| 6:18 | Create | Villager (Male) |
| 6:19 | Create | Villager (Male) |
| 6:29 | Create | Villager (Male) |
| 6:30 | Create | Villager (Male) |
| 7:07 | Research | Loom |
| 7:14 | Create | Villager (Male) |
| 7:14 | Create | Villager (Male) |
| 8:47 | Build | Mill |
| 9:07 | Create | Villager (Male) |
| 9:07 | Create | Villager (Male) |
| 9:15 | Build | House |
| 9:57 | Build | House |
| 9:59 | Build | House |
| 10:00 | Build | House |
| 10:59 | Create | Villager (Male) |
| 10:59 | Create | Villager (Male) |
| 10:59 | Create | Villager (Male) |
| 11:13 | Build | Palisade Wall |
| 11:24 | Build | Palisade Wall |
| 11:43 | Build | Mill |
| 11:46 | Research | Feudal Age |
| 12:07 | Build | Barracks |
| 13:01 | Build | Dock |
| 13:07 | Create | Villager (Male) |
| 13:07 | Create | Villager (Male) |
| 13:59 | Age | Feudal Age |
| 14:03 | Create | Spearman |
| 14:03 | Create | Spearman |
| 14:07 | Research | Tech 1014 |
| 14:11 | Research | Double-Bit Axe |
| 14:13 | Create | Villager (Male) |
| 14:13 | Create | Villager (Male) |
| 14:14 | Create | Villager (Male) |
| 14:29 | Build | Lumber Camp |
| 14:40 | Build | Pasture |
| 14:41 | Build | Pasture |
| 14:43 | Build | Pasture |
| 15:26 | Create | Villager (Male) |
| 15:27 | Create | Villager (Male) |
| 15:27 | Create | Villager (Male) |
| 15:42 | Create | Villager (Male) |
| 15:42 | Create | Villager (Male) |
| 17:00 | Build | Mining Camp |
| 17:13 | Create | Villager (Male) |
| 17:24 | Build | Pasture |
| 17:25 | Build | Pasture |
| 17:49 | Build | Market |
| 17:55 | Build | Blacksmith |
| 18:14 | Build | House |
| 18:16 | Build | House |
| 18:20 | Build | House |
| 18:34 | Create | Villager (Male) |
| 19:20 | Build | Archery Range |
| 19:29 | Create | Villager (Male) |
| 19:30 | Create | Villager (Male) |
| 19:30 | Create | Villager (Male) |
| 19:51 | Build | House |
| 19:52 | Build | House |
| 19:54 | Build | House |
| 19:58 | Build | House |
| 20:07 | Build | Pasture |
| 20:18 | Research | Castle Age |
| 20:27 | Build | Archery Range |
| 20:56 | Research | Castle Age |
| 21:44 | Build | Market |
| 21:55 | Build | Pasture |
| 21:57 | Build | Pasture |
| 22:51 | Create | Villager (Male) |
| 22:51 | Create | Villager (Male) |
| 22:52 | Create | Villager (Male) |
| 22:52 | Create | Villager (Male) |
| 23:12 | Research | Tech 906 |
| 23:36 | Age | Castle Age |
| 23:44 | Build | Monastery |
| 23:55 | Build | Town Center |
| 24:01 | Research | Bow Saw |
| 24:05 | Create | Villager (Male) |
| 24:05 | Create | Villager (Male) |
| 24:12 | Build | Siege Workshop |
| 24:24 | Research | Heavy Cavalry Archer (upgrade) |
| 24:30 | Create | Villager (Male) |
| 24:30 | Create | Villager (Male) |
| 24:41 | Create | Monk |
| 24:41 | Create | Monk |
| 24:41 | Create | Monk |
| 24:42 | Create | Monk |
| 24:53 | Create | Cavalry Archer ×4 |
| 24:53 | Create | Cavalry Archer ×4 |
| 24:53 | Create | Cavalry Archer ×4 |
| 25:02 | Create | Fishing Ship |
| 25:02 | Create | Fishing Ship |
| 25:16 | Create | Villager (Male) ×5 |
| 25:17 | Create | Villager (Male) ×5 |
| 25:31 | Build | Pasture |
| 26:11 | Create | Battering Ram |
| 26:16 | Create | Cavalry Archer ×2 |
| 26:17 | Create | Cavalry Archer ×2 |
| 26:17 | Create | Cavalry Archer ×2 |
| 26:22 | Research | Gold Mining |
| 26:44 | Build | Pasture |
| 27:01 | Create | Villager (Male) |
| 27:01 | Create | Villager (Male) |
| 27:01 | Create | Villager (Male) |
| 27:01 | Create | Villager (Male) |
| 27:29 | Research | Thumb Ring |
| 28:00 | Create | Cavalry Archer ×5 |
| 28:00 | Create | Cavalry Archer ×5 |
| 28:00 | Create | Cavalry Archer ×5 |
| 28:00 | Create | Cavalry Archer |
| 28:19 | Research | Tech 1013 |
| 28:24 | Create | Cavalry Archer |
| 28:24 | Create | Cavalry Archer |
| 28:33 | Build | House |
| 28:34 | Build | House |
| 28:35 | Build | House |
| 28:37 | Build | House |
| 29:18 | Research | Wheelbarrow |
| 29:24 | Create | Villager (Male) |
| 29:24 | Create | Villager (Male) |
| 29:25 | Create | Villager (Male) |
| 31:38 | Create | Villager (Male) |
| 31:38 | Create | Villager (Male) |
| 31:39 | Create | Villager (Male) |
| 31:39 | Create | Villager (Male) |
Build order — ENJIN3AR
First 150 of 453 actions detected
| 0:11 | Create | Villager (Male) |
| 0:11 | Create | Villager (Male) |
| 0:12 | Create | Villager (Male) |
| 0:12 | Create | Villager (Male) |
| 0:12 | Create | Villager (Male) |
| 0:13 | Build | House |
| 0:15 | Build | House |
| 0:44 | Research | Loom |
| 0:58 | Create | Villager (Male) ×2 |
| 1:28 | Create | Villager (Male) |
| 3:16 | Create | Villager (Male) |
| 3:51 | Build | Palisade Wall |
| 3:51 | Create | Villager (Male) |
| 3:52 | Create | Villager (Male) |
| 3:52 | Create | Villager (Male) |
| 3:53 | Create | Villager (Male) |
| 4:27 | Build | Lumber Camp |
| 4:58 | Create | Villager (Male) |
| 4:59 | Create | Villager (Male) |
| 5:00 | Create | Villager (Male) |
| 5:00 | Create | Villager (Male) |
| 5:00 | Create | Villager (Male) |
| 5:13 | Build | House |
| 5:15 | Build | House |
| 5:30 | Create | Villager (Male) |
| 6:02 | Build | House |
| 6:42 | Build | House |
| 6:48 | Build | House |
| 7:56 | Build | Mill |
| 8:01 | Create | Villager (Male) |
| 8:01 | Create | Villager (Male) |
| 8:02 | Create | Villager (Male) |
| 8:02 | Create | Villager (Male) |
| 8:31 | Create | Villager (Male) |
| 8:33 | Create | Villager (Male) |
| 8:46 | Build | Palisade Wall |
| 8:55 | Create | Villager (Male) |
| 9:31 | Build | Mining Camp |
| 10:46 | Research | Feudal Age |
| 10:51 | Build | Mining Camp |
| 12:02 | Create | Villager (Male) |
| 12:03 | Create | Villager (Male) |
| 12:03 | Create | Villager (Male) |
| 12:23 | Create | Villager (Male) |
| 12:30 | Build | Dock |
| 12:36 | Create | Villager (Male) |
| 13:01 | Build | Mill |
| 13:35 | Create | Villager (Male) |
| 13:35 | Create | Villager (Male) |
| 14:29 | Create | Villager (Male) |
| 14:29 | Create | Villager (Male) |
| 14:35 | Create | Fishing Ship |
| 14:46 | Research | Double-Bit Axe |
| 15:04 | Build | Palisade Wall |
| 15:09 | Create | Villager (Male) |
| 15:32 | Build | Market |
| 15:40 | Build | House |
| 15:59 | Build | Blacksmith |
| 16:25 | Create | Fishing Ship |
| 16:29 | Create | Fishing Ship |
| 17:24 | Build | Fish Trap |
| 17:29 | Build | Fish Trap |
| 17:39 | Create | Villager (Male) |
| 17:42 | Research | Castle Age |
| 17:46 | Research | Horse Collar |
| 17:51 | Research | Gold Mining |
| 17:54 | Research | Stone Mining |
| 18:39 | Build | Stone Wall |
| 18:46 | Create | Villager (Male) |
| 18:53 | Create | Fishing Ship |
| 18:53 | Create | Fishing Ship |
| 18:56 | Research | Tech 906 |
| 19:01 | Build | House |
| 19:50 | Build | Stone Wall |
| 19:56 | Create | Villager (Male) |
| 20:02 | Research | Wheelbarrow |
| 20:19 | Build | Mining Camp |
| 20:26 | Create | Villager (Male) |
| 20:31 | Research | Bow Saw |
| 20:40 | Build | Town Center |
| 21:47 | Create | Villager (Male) |
| 21:47 | Create | Villager (Male) |
| 21:50 | Create | Villager (Male) ×3 |
| 22:06 | Build | Town Center |
| 22:38 | Build | Outpost |
| 22:56 | Research | Town Watch |
| 22:58 | Create | Villager (Male) |
| 22:58 | Create | Villager (Male) |
| 23:28 | Build | Castle |
| 23:38 | Create | Villager (Male) ×5 |
| 23:51 | Research | Heavy Plow |
| 24:05 | Build | Farm |
| 24:05 | Build | Farm |
| 24:06 | Build | Farm |
| 24:06 | Build | Farm |
| 24:06 | Build | Farm |
| 24:06 | Build | Farm |
| 24:07 | Build | Farm |
| 24:08 | Build | Farm |
| 24:08 | Build | Farm |
| 24:09 | Build | Farm |
| 24:09 | Build | Farm |
| 24:09 | Build | Farm |
| 24:09 | Build | Farm |
| 24:10 | Build | Farm |
| 24:10 | Build | Farm |
| 24:10 | Build | Farm |
| 24:11 | Build | Farm |
| 24:11 | Build | Farm |
| 24:12 | Build | Farm |
| 24:12 | Build | Farm |
| 24:12 | Build | Farm |
| 24:12 | Build | Farm |
| 24:33 | Build | House |
| 24:34 | Build | House |
| 24:36 | Build | House |
| 24:36 | Build | House |
| 24:36 | Build | House |
| 24:37 | Build | House |
| 25:04 | Build | Farm |
| 25:04 | Build | Farm |
| 25:05 | Build | Farm |
| 25:05 | Build | Farm |
| 25:05 | Build | Farm |
| 25:12 | Build | Farm |
| 25:20 | Create | Villager (Male) ×5 |
| 25:36 | Build | Mining Camp |
| 25:56 | Create | Ghulam |
| 26:02 | Create | Ghulam |
| 26:07 | Create | Villager (Male) ×5 |
| 26:47 | Create | Villager (Male) ×5 |
| 26:54 | Create | Villager (Male) ×5 |
| 26:59 | Build | Farm |
| 26:59 | Build | Farm |
| 26:59 | Build | Farm |
| 27:00 | Build | Farm |
| 27:00 | Build | Farm |
| 27:01 | Build | Farm |
| 27:02 | Build | Farm |
| 27:02 | Build | Farm |
| 27:02 | Build | Farm |
| 27:03 | Build | Farm |
| 27:03 | Build | Farm |
| 27:03 | Build | Farm |
| 27:03 | Build | Farm |
| 27:04 | Build | Farm |
| 27:04 | Build | Farm |
| 27:08 | Create | Villager (Male) ×5 |
| 27:33 | Build | Town Center |
| 27:44 | Create | Villager (Male) ×5 |
Match timeline
| 0:12 | StaplegunKing · wall_segment Palisade Wall x15 |
| 0:45 | NATIVE RADIX · wall_segment Palisade Wall x11 |
| 0:53 | StaplegunKing · wall_segment Palisade Wall x9 |
| 1:01 | LittleDwarf · wall_segment Palisade Wall x6 |
| 1:02 | StaplegunKing · wall_segment Palisade Wall x1 |
| 1:05 | StaplegunKing · wall_segment Palisade Wall x5 |
| 1:13 | LittleDwarf · wall_segment Palisade Wall x6 |
| 1:20 | NATIVE RADIX · wall_segment Palisade Wall x16 |
| 1:56 | NATIVE RADIX · wall_segment Palisade Wall x21 |
| 1:59 | StaplegunKing · wall_segment Palisade Wall x1 |
| 2:08 | NWI Nutball · wall_segment Palisade Wall x24 |
| 3:04 | StaplegunKing · wall_segment Palisade Wall x12 |
| 3:04 | NATIVE RADIX · wall_segment Palisade Wall x3 |
| 3:13 | LittleDwarf · wall_segment Palisade Wall x11 |
| 3:51 | ENJIN3AR · wall_segment Palisade Wall x13 |
| 5:10 | mau · wall_segment Palisade Wall x5 |
| 5:58 | mau · wall_segment Palisade Wall x1 |
| 7:02 | NATIVE RADIX · wall_segment Palisade Wall x9 |
| 8:11 | NATIVE RADIX · wall_segment Palisade Wall x1 |
| 8:22 | NATIVE RADIX · wall_segment Palisade Wall x10 |
| 8:46 | ENJIN3AR · wall_segment Palisade Wall x11 |
| 8:55 | NATIVE RADIX · wall_segment Palisade Wall x8 |
| 10:05 | NATIVE RADIX · wall_segment Palisade Wall x12 |
| 10:14 | NATIVE RADIX · wall_segment Palisade Wall x10 |
| 10:16 | 2165640756 · first_building Dock |
| 10:57 | LittleDwarf · first_building Dock |
| 11:13 | mau · wall_segment Palisade Wall x2 |
| 11:24 | mau · wall_segment Palisade Wall x1 |
| 11:33 | NATIVE RADIX · wall_segment Palisade Wall x6 |
| 11:35 | NATIVE RADIX · wall_segment Palisade Wall x7 |
| 12:07 | mau · first_building Barracks |
| 12:30 | ENJIN3AR · first_building Dock |
| 13:01 | mau · first_building Dock |
| 13:08 | LittleDwarf · first_building Barracks |
| 13:08 | LittleDwarf · age_up feudal |
| 13:28 | StaplegunKing · first_building Dock |
| 13:33 | StaplegunKing · age_up feudal |
| 13:59 | mau · age_up feudal |
| 14:02 | LittleDwarf · wall_segment Stone Wall x11 |
| 14:14 | LittleDwarf · first_building Archery Range |
| 14:29 | 2165640756 · age_up feudal |
| 14:31 | 2165640756 · first_building Barracks |
| 15:04 | ENJIN3AR · wall_segment Palisade Wall x1 |
| 15:51 | StaplegunKing · wall_segment Stone Wall x21 |
| 16:02 | 2165640756 · wall_segment Stone Wall x17 |
| 16:03 | StaplegunKing · wall_segment Stone Wall x11 |
| 16:23 | NATIVE RADIX · first_building Barracks |
| 17:41 | NWI Nutball · first_building Barracks |
| 18:15 | StaplegunKing · age_up castle |
| 18:39 | ENJIN3AR · wall_segment Stone Wall x12 |
| 19:19 | 2165640756 · first_building Archery Range |
| 19:20 | mau · first_building Archery Range |
| 19:50 | ENJIN3AR · wall_segment Stone Wall x10 |
| 19:54 | NATIVE RADIX · wall_segment Stone Wall x19 |
| 20:35 | StaplegunKing · wall_segment Stone Wall x26 |
| 20:49 | 2165640756 · age_up castle |
| 22:34 | NATIVE RADIX · first_building Stable |
| 23:28 | ENJIN3AR · first_building Castle |
| 23:36 | mau · age_up castle |
| 23:44 | mau · first_building Monastery |
| 24:11 | NWI Nutball · first_building Archery Range |
| 24:12 | mau · first_building Siege Workshop |
| 24:12 | StaplegunKing · first_building Castle |
| 24:54 | LittleDwarf · wall_segment Stone Wall x11 |
| 25:03 | LittleDwarf · first_market_sell 100 food |
| 25:04 | LittleDwarf · first_market_buy 100 stone |
| 25:07 | 2165640756 · wall_segment Stone Wall x21 |
| 25:17 | LittleDwarf · age_up castle |
| 25:31 | NWI Nutball · first_market_sell 500 wood |
| 25:48 | StaplegunKing · wall_segment Stone Wall x4 |
| 26:27 | Squirtle8508 · tribute_sent a jugador 1 |
| 26:27 | Squirtle8508 · tribute_sent a jugador 2 |
| 26:27 | Squirtle8508 · tribute_sent a jugador 3 |
| 26:27 | Squirtle8508 · tribute_sent a jugador 4 |
| 26:27 | Squirtle8508 · tribute_sent a jugador 5 |
| 26:27 | Squirtle8508 · tribute_sent a jugador 7 |
| 26:27 | Squirtle8508 · tribute_sent a jugador 8 |
| 26:40 | StaplegunKing · wall_segment Stone Wall x1 |
| 26:43 | StaplegunKing · wall_segment Stone Wall x1 |
| 26:46 | StaplegunKing · wall_segment Stone Wall x13 |
| 27:25 | NATIVE RADIX · first_market_sell 100 wood |
| 27:28 | LittleDwarf · wall_segment Stone Wall x18 |
| 27:37 | Squirtle8508 · first_building Stable |
| 27:52 | Squirtle8508 · first_building Castle |
| 27:55 | ENJIN3AR · first_building Monastery |
| 28:02 | NATIVE RADIX · wall_segment Stone Wall x10 |
| 28:13 | 2165640756 · first_building Monastery |
| 28:38 | ENJIN3AR · first_building Barracks |
| 29:06 | StaplegunKing · first_building Siege Workshop |
| 29:41 | LittleDwarf · wall_segment Stone Wall x1 |
| 29:42 | Squirtle8508 · first_market_buy 100 wood |
| 29:44 | LittleDwarf · wall_segment Stone Wall x1 |
| 29:46 | 2165640756 · first_building Castle |
| 30:18 | LittleDwarf · wall_segment Stone Wall x10 |
| 31:22 | StaplegunKing · first_market_sell 500 wood |
| 31:23 | StaplegunKing · first_market_buy 100 food |
| 32:12 | 2165640756 · age_up imperial |
| 32:50 | ENJIN3AR · first_building Stable |
| 32:57 | LittleDwarf · first_building Castle |
| 33:21 | ENJIN3AR · first_building Siege Workshop |
| 33:28 | NATIVE RADIX · first_building Castle |
| 33:50 | ENJIN3AR · first_building Archery Range |
| 34:00 | StaplegunKing · first_building Monastery |
| 34:02 | Squirtle8508 · first_building Siege Workshop |
| 34:42 | StaplegunKing · age_up imperial |
| 34:44 | NWI Nutball · first_building Castle |
| 35:07 | NWI Nutball · first_building Monastery |
| 36:11 | 2165640756 · first_building Siege Workshop |
| 37:48 | mau · first_building Castle |
| 38:21 | mau · age_up imperial |
| 38:52 | NATIVE RADIX · wall_segment Stone Wall x15 |
| 39:27 | NWI Nutball · first_market_buy 500 wood |
| 39:40 | NATIVE RADIX · first_building Archery Range |
| 41:50 | NATIVE RADIX · first_market_buy 100 stone |
| 43:03 | 2165640756 · first_building Stable |
| 43:16 | NATIVE RADIX · wall_segment Stone Wall x21 |
| 43:32 | LittleDwarf · first_building Siege Workshop |
| 44:20 | NWI Nutball · first_building Siege Workshop |
| 45:37 | LittleDwarf · first_building Monastery |
| 46:48 | NATIVE RADIX · wall_segment Stone Wall x5 |
| 47:22 | NATIVE RADIX · first_building Siege Workshop |
| 51:07 | LittleDwarf · age_up imperial |
| 52:28 | 2165640756 · first_market_sell 100 wood |
| 52:49 | Squirtle8508 · first_market_sell 100 wood |
| 53:00 | StaplegunKing · wall_segment Stone Wall x15 |
| 55:29 | LittleDwarf · wall_segment Stone Wall x4 |
| 55:35 | LittleDwarf · wall_segment Stone Wall x14 |
| 56:40 | StaplegunKing · first_building Stable |
| 59:00 | LittleDwarf · wall_segment Stone Wall x1 |
| 61:25 | LittleDwarf · wall_segment Stone Wall x4 |
| 61:32 | LittleDwarf · wall_segment Stone Wall x4 |
| 61:45 | LittleDwarf · wall_segment Stone Wall x4 |
| 62:10 | LittleDwarf · wall_segment Stone Wall x10 |
| 62:52 | Squirtle8508 · tribute_sent a jugador 1 |
| 62:52 | Squirtle8508 · tribute_sent a jugador 2 |
| 62:52 | Squirtle8508 · tribute_sent a jugador 3 |
| 62:52 | Squirtle8508 · tribute_sent a jugador 4 |
| 62:52 | Squirtle8508 · tribute_sent a jugador 5 |
| 62:52 | Squirtle8508 · tribute_sent a jugador 7 |
| 62:52 | Squirtle8508 · tribute_sent a jugador 8 |
| 64:38 | LittleDwarf · wall_segment Stone Wall x6 |
| 65:15 | StaplegunKing · tribute_sent a jugador 1 |
| 65:15 | StaplegunKing · tribute_sent a jugador 2 |
| 65:15 | StaplegunKing · tribute_sent a jugador 4 |
| 65:15 | StaplegunKing · tribute_sent a jugador 5 |
| 65:15 | StaplegunKing · tribute_sent a jugador 6 |
| 65:15 | StaplegunKing · tribute_sent a jugador 7 |
| 65:15 | StaplegunKing · tribute_sent a jugador 8 |
| 65:55 | Squirtle8508 · wall_segment Stone Wall x4 |
| 66:51 | mau · first_market_sell 100 food |
| 71:02 | 2165640756 · wall_segment Stone Wall x16 |
| 73:09 | LittleDwarf · wall_segment Stone Wall x11 |
| 74:50 | 2165640756 · first_market_buy 100 stone |
| 75:20 | 2165640756 · wall_segment Stone Wall x12 |
| 75:23 | LittleDwarf · wall_segment Stone Wall x8 |
| 75:31 | 2165640756 · wall_segment Stone Wall x11 |
| 75:32 | 2165640756 · wall_segment Stone Wall x15 |
| 75:34 | 2165640756 · wall_segment Stone Wall x11 |
| 76:41 | NATIVE RADIX · wall_segment Stone Wall x7 |
| 77:03 | NATIVE RADIX · wall_segment Stone Wall x16 |
| 77:14 | NATIVE RADIX · wall_segment Stone Wall x15 |
| 78:38 | StaplegunKing · resign |
[ AI ANALYSIS · 1 CREDIT ]
What really happened in this match?
Wolo.gg analyzes every decision: build order, eco, micro, common mistakes by bracket. Personalized analysis on WhatsApp or Discord in 30 seconds.
Civ guide
Khmer
Perfil
Jugador #24864921